 Dungeon Crawl Stone Soup version 0.20.1-1-g8b1a95d (webtiles) character file.

18 Gremour the Shooter (level 2, 0/17 HPs)
             Began as a Tengu Hunter on Nov 4, 2017.
             Slain by an adder (1 damage)
             ... on level 2 of the Dungeon.
             The game lasted 00:06:00 (898 turns).

Gremour the Shooter (Tengu Hunter)                   Turns: 898, Time: 00:06:00

Health: 0/17       AC:  4    Str: 12    XL:     2   Next: 70%
Magic:  3/3        EV: 12    Int: 11    God:
Gold:   93         SH:  0    Dex: 14    Spells: 1/1 levels left

rFire    . . .     SeeInvis .   a - +1 shortbow
rCold    . . .     Gourm    .   (shield currently unavailable)
rNeg     . . .     Faith    .   c - +0 leather armour
rPois    .         Spirit   .   (helmet restricted)
rElec    .         Reflect  .   (no cloak)
rCorr    .         Harm     .   e - +0 pair of gloves
MR       .....                  (boots unavailable)
Stlth    +.........             (no amulet)
Regen    0.1/turn               (no ring)
MPRegen  0.1/turn               (no ring)

@: lethally poisoned (0 -> -5)
A: beak, talons 3
a: no special abilities


You were on level 2 of the Dungeon.
You were not hungry.

You visited 1 branch of the dungeon, and saw 2 of its levels.

You collected 93 gold pieces.

Inventory:

Hand Weapons
 a - a +1 shortbow (weapon)
 b - a +0 short sword
Missiles
 d - 54 arrows (quivered)
 i - 3 curare-tipped needles
Armour
 c - a +0 leather armour (worn)
 e - a +0 pair of gloves (worn)
Jewellery
 g - an uncursed ring of positive energy {unknown}
Scrolls
 h - 3 scrolls of fear {unknown}
 j - a scroll of enchant weapon {unknown}
 o - a scroll of immolation {unknown}
 p - a scroll of remove curse {unknown}
 r - 2 scrolls of magic mapping {unknown}
 t - a scroll of identify {unknown}
Potions
 k - 2 potions of flight {unknown}
 m - a potion of resistance {unknown}
 n - a potion of heal wounds {unknown}
 q - a potion of agility {unknown}
 s - a potion of degeneration {unknown}
Comestibles
 f - 2 bread rations
 l - a meat ration


   Skills:
 - Level 2.0 Fighting
 + Level 5.2 Bows
 - Level 2.1 Dodging
 - Level 1.0 Stealth


You had one spell level left.
You didn't know any spells.

Dungeon Overview and Level Annotations

Branches:
Dungeon (2/15)

Altars:
Uskayaw


Innate Abilities, Weirdness & Mutations

You have a beak for a mouth.
You have claws for feet.


Message History

The adder bites you.
You feel sick.
Firing (i - inventory):
d - 57 arrows (quivered)
Press: ? - help, Shift-Dir - straight line, f - adder
Aim: an adder You shoot an arrow.
The arrow closely misses the adder.
The adder bites you.
Firing (i - inventory):
d - 56 arrows (quivered)
Press: ? - help, Shift-Dir - straight line, f/p - adder
Aim: an adder You shoot an arrow.
The arrow closely misses the adder.
The adder bites you.
* * * LOW HITPOINT WARNING * * *
The adder bites you.
* * * LOW HITPOINT WARNING * * *
Firing (i - inventory):
d - 55 arrows (quivered)
Press: ? - help, Shift-Dir - straight line, f/p - adder
Aim: an adder You shoot an arrow.
The arrow barely misses the adder.
* * * LOW HITPOINT WARNING * * *
You feel sick. The adder bites you.
You die...

.. #.# #.# ..... ##.## #.#
..... ##...###.# #....
###.....##.# #....
.........#.# #.#.# #....<##.#
#.#.######....##.########
#####....(.....S@...........#
........†.......###########.#
####...######### #.#
#.......... #.# #....#######
#.# ....... #.# ###..g.# #.#
...#.# #.# #####.# #.#


You could see an adder.

Vanquished Creatures
  A leopard gecko (D:2)
  A ball python (D:2)
  2 giant cockroaches
  2 hobgoblins
  4 bats
  2 frilled lizards
  4 kobolds (D:1)
  3 rats
19 creatures vanquished.

Notes
Turn   | Place    | Note
-------+----------+-------------------------------------------
     0 | D:1      | Gremour the Tengu Hunter began the quest for the Orb.
     0 | D:1      | Reached XP level 1. HP: 12/12 MP: 2/2
   391 | D:1      | Reached XP level 2. HP: 17/17 MP: 3/3
   732 | D:2      | Reached skill level 5 in Bows
   745 | D:2      | Noticed an enchanted hand axe
   745 | D:2      | Noticed a dagger
   746 | D:2      | Found a hide-covered altar of Uskayaw.
   898 | D:2      | Slain by an adder

Skill      XL: |  1  2 |
---------------+-------+-----
Bows           | 5 |  5.2
Fighting       | |  2.0
Dodging        | |  2.1
Stealth        | |  1.0

Action                   || total
-------------------------++-------
 Fire: Shortbow          ||    47
Armor: Leather armour    ||     4
Dodge: Dodged            ||    17
